 Dungeon Crawl Stone Soup version 0.30-a0-219-gf2db51d15e (webtiles) character file.

Game seed: 11999197532166609995

2 Jannitor the Cutter (level 1, 0/19 HPs)
             Began as an Armataur Chaos Knight on Oct 7, 2022.
             Was a Plaything of Xom.
             Slain by a jackal (1 damage)
             ... on level 1 of the Dungeon.
             The game lasted 00:01:06 (33 turns).

Jannitor the Cutter (Armataur Chaos Knight)           Turns: 33, Time: 00:01:06

Health: 0/19       AC:  6    Str: 17    XL:     1   Next: 25%
Magic:  1/1        EV:  9    Int: 12    God:    Xom [..*...]
Gold:   15         SH:  0    Dex:  9    Spells: 0/0 levels left

rFire   . . .      SeeInvis .    a - +0 short sword (chaos)
rCold   . . .      Faith    .    (no shield)
rNeg    . . .      Spirit   .    b - +2 leather armour
rPois   .          Reflect  .    (no helmet)
rElec   .          Harm     .    (no cloak)
rCorr   .          Roll     +    (no gloves)
Will    .....                    (no barding)
Stlth   +.........               d - amulet of the acrobat
HPRegen 0.23/turn                (no ring)
MPRegen 0.07/turn                (no ring)

@: brilliant
A: large, rugged brown scales 3, deformed body, armoured tail, roll, long
tongue, awkward tongue
a: Renounce Religion


You were on level 1 of the Dungeon.
You worshipped Xom.
You were a toy of Xom.
You visited 1 branch of the dungeon, and saw 1 of its levels.

You collected 15 gold pieces.

Inventory:

Hand Weapons
 a - a +0 short sword of chaos (weapon)
Armour
 b - a +2 leather armour (worn)
Jewellery
 d - an amulet of the acrobat (around neck)
Miscellaneous
 c - a piece from Xom's chessboard (15/15) (quivered)


   Skills:
 + Level 2.7 Fighting
 * Level 2.7 Short Blades
 + Level 2.4 Armour
 + Level 0.6 Dodging
 + Level 0.1 Stealth


You couldn't memorise any spells.
You didn't know any spells.
Your spell library was empty.

Dungeon Overview and Level Annotations

Branches:
Dungeon (1/15)

Altars:


Innate Abilities, Weirdness & Mutations

You are completely covered in rugged brown scales. (AC +3, +7% HP)
Armour fits poorly on your strangely shaped body.
You have a long armoured tail.
You roll when moving toward enemies. (Rampage)
Your long tongue fully drains potion bottles. (2x potion effects)
Your tongue gives you trouble enunciating. (1.5x scroll delay)


Message History

The jackal barely misses you. The jackal bites you.
You hit the rat. You burn the rat.
Your tail-slap misses the rat.
The rat is severely wounded.
The rat barely misses you.
You barely miss the rat.
The rat is severely wounded.
The jackal barely misses you. The rat closely misses you.
You hit the rat.
You kill the rat!
The jackal bites you but does no damage.
The jackal bites you. The jackal barely misses you. The jackal bites you.
You hit the jackal.
The jackal is poisoned.
Your tail-slap misses the jackal.
The jackal is moderately wounded.
The jackal bites you.
* * * LOW HITPOINT WARNING * * *
The jackal bites you but does no damage. x2
Unknown command.
You closely miss the jackal.
Your tail-slap misses the jackal.
The jackal is heavily wounded.
The jackal barely misses you. The jackal bites you.
* * * LOW HITPOINT WARNING * * *
The jackal closely misses you.
The jackal bites you but does no damage.
Unknown command.
You hit the jackal but do no damage.
The jackal looks as sick as possible!
The jackal is severely wounded.
The jackal bites you but does no damage.
The jackal barely misses you. The jackal closely misses you.
Unknown command.
You hit the jackal but do no damage. You tail-slap the jackal.
You kill the jackal!
The jackal bites you but does no damage.
The jackal closely misses you.
Unknown command.
You hit the jackal but do no damage.
The jackal is heavily wounded.
The jackal bites you.
* * * LOW HITPOINT WARNING * * *
The jackal misses you. The jackal bites you.
You die...

..## ###.<#
....## ###....#
#.....#+#.....##
#...........##
#.......###
###h.§###
##○######
#hh.......
#@#.......
#.†.......
##........
.?.##..# ...#
#.# ...# .. ....
#.###


You could see 2 jackals.

Vanquished Creatures
  A jackal (D:1)
  A rat (D:1)
2 creatures vanquished.

Notes
Turn   | Place    | Note
-------+----------+-------------------------------------------
     0 | D:1      | Jannitor the Armataur Chaos Knight began the quest for the
                  | Orb.
     0 | D:1      | Reached XP level 1. HP: 19/19 MP: 1/1
    16 | D:1      | XOM: potion effect (brilliance)
    24 | D:1      | XOM: smoke on damage
    33 | D:1      | Slain by a jackal

Illustrated notes

Levels and vault maps discovered:
D:1:      evilmike_arrival_crescent, layout_rooms

Action                   || total
-------------------------++-------
Melee: Short sword       ||    16
       Tailslap          ||     1
Armor: Leather armour    ||    10
Dodge: Dodged            ||    29

Table legend: (Time is in decaauts)
 A = Elapsed time spent in this place.
 B = Non-inter-level travel time spent in this place.
 C = Inter-level travel time spent in this place.
 D = Time resting spent in this place.
 E = Time spent auto-exploring this place.
 F = Levels seen in this place.
 G = Mean time per level.
                   A        B        C        D        E       F      G
               +--------+--------+--------+--------+--------+-----+--------+
         Total |     30 |     30 |      0 |      0 |      6 |   1 |   30.0 |
       Dungeon |     30 |     30 |      0 |      0 |      6 |   1 |   30.0 |
               +--------+--------+--------+--------+--------+-----+--------+

Top non-repeatable levels by time:
     D:1: 30 daAuts
